[Event "*** Titled Tuesday Blitz"]
[Site "Chess.com"]
[Date "2020.12.01"]
[Round "1"]
[White "gmpeter008"]
[Black "kuban1991"]
[Result "1/2-1/2"]
[WhiteElo "2412"]
[BlackElo "2812"]
[TimeControl "180+1"]
[EndTime "10:08:21 PST"]
[Termination "Game drawn by repetition"]

1. c4 g6 2. Nc3 Bg7 3. g3 c5 4. Bg2 Nc6 5. Nf3 e6 6. d4 cxd4 7. Nb5 Nge7 8. O-O Nf5 9. g4 a6 10. gxf5 axb5 11. cxb5 Ne7 12. fxe6 dxe6 13. a4 O-O 14. Ra3 e5 15. Bg5 h6 16. Bh4 Be6 17.
e3 g5 18. Bxg5 hxg5 19. Nxg5 Bf5 20. exd4 Qxd4 21. Qxd4 exd4 22. Bxb7 Ra7 23. Bg2 Rb8 24. Ne4 d3 25. Nc5 Bxb2 26. Ra2 Bd4 27. Na6 Rb6 28. Rd1 Ng6 29. Nb4 Rxb5 30. axb5 Rd7 31. Nxd3 Bxd3 32. Rxd3 Bxf2+ 33. Kxf2 Rxd3 34. Rb2 Rd8 35. b6 Ne5 36. Ke2 Re8 37. Kd1 Nc4 38. Rb3 Ne3+ 39. Rxe3 Rxe3 40. Kc2 Re6 41. b7 Rb6 42. Kd3 Kg7 43. Bd5 Kf6 44. Ke4 Ke7 45. h4 Kd6 46. Bxf7 Rxb7 47. Bg6 Ke7 48.
h5 Kf6 49. Kf3 Rb4 50. Kg2 Kg5 51. Kg3 Rb3+ 52. Kf2 Ra3 53. Ke2 Kf4 54. Kd2 Rh3 55.
Kc2 Ke5 56. Kb2 Kd4 57. Ka2 Kc4 58. Kb2 Rh4 59. Kc2 Rh2+ 60. Kd1 Kc3 61. Ke1 Kd4 62. Kd1 Ke3 63. Kc1 Rg2 64. Kb1 Kd4 65. Kc1 Kc3 66. Kd1 Rh2 67. Ke1 Kd4 68. Kd1 Kc3 1/2-1/2

[Event "*** Titled Tuesday Blitz"]
[Site "Chess.com"]
[Date "2020.12.01"]
[Round "1"]
[White "Sueetin"]
[Black "scarabee43"]
[Result "1/2-1/2"]
[WhiteElo "2266"]
[BlackElo "2558"]
[TimeControl "180+1"]
[EndTime "10:08:21 PST"]
[Termination "Game drawn by repetition"]

1. c4 Nf6 2. g3 e6 3. Bg2 d5 4.
Nf3 Be7 5. O-O O-O 6. b3 b6 7.
Bb2 Bb7 8. d3 Nbd7 9. Nbd2 c5 10. e3 Qc7 11. Qe2 Rad8 12. Rac1 Rfe8 13. Rfd1 Qb8 14. h3 h6 15. Nf1 Bf8 16. g4 a6 17.
Ng3 b5 18. Bc3 e5 19. cxd5 Nxd5 20. Bb2 Re6 21. Nd2 N5f6 22. Bxb7 Qxb7 23. Qf3 Qb6 24. Nde4 Nxe4 25. dxe4 Nf6 26. Rd5 Nxd5 27. exd5 Red6 28. e4 f6 29. Nf5 R6d7 30. Qe3 Rb7 31. h4 c4 32. Qg3 Rc7 33. g5 hxg5 34. hxg5 c3 35. Bxc3 Rdc8 36. g6 Rxc3 37. Rxc3 Rxc3 38. Qxc3 Qc5 39.
Qh3 Qc1+ 40. Kg2 Qg5+ 41. Kf3 Qxg6 42. Qg4 Qe8 43. Ng3 Qd8 44. Nh5 Qd6 45. Qg6 Qe7 46.
Kg4 Qa7 47. Ng3 Qd7+ 48. Nf5 a5 49. f3 a4 50. Kh5 axb3 51. axb3 Qc7 52. d6 Qd7 53.
Nh6+ Kh8 54. Nf7+ Kg8 55. Nh6+ Kh8 56. Nf7+ Kg8 57. Nh6+ 1/2-1/2

[Event "*** Titled Tuesday Blitz"]
[Site "Chess.com"]
[Date "2020.12.01"]
[Round "1"]
[White "Malev212"]
[Black "Agoking701"]
[Result "1/2-1/2"]
[WhiteElo "2536"]
[BlackElo "2227"]
[TimeControl "180+1"]
[EndTime "10:08:21 PST"]
[Termination "Game drawn by repetition"]

1. d4 Nf6 2. Nf3 e6 3. e3 b6 4. Bd3 Bb7 5. O-O Be7 6. b3 O-O 7. Bb2 c5 8. Nbd2 Nc6 9. a3 Rc8 10. Qe2 d5 11. Rad1 Qc7 12. Ne5 Nxe5 13. dxe5 Ne4 14. c4 Nxd2 15. Rxd2 dxc4 16. bxc4 Rfd8 17. f4 g6 18. e4 Rd7 19. f5 Rcd8 20. Rdd1 Qc6 21.
f6 Bf8 22. h4 Qa4 23. Bc2 Qc6 24. Bc3 Ba6 25. Rb1 Bb7 26. h5 Bh6 27. Rf3 Rd2 28. Bxd2 Rxd2 29. Rd1 Rxe2 30. Rd8+ Bf8 31. Rfd3 Rxg2+ 32. Kxg2 Qxe4+ 33. Kf1 Qg2+ 34. Ke1 Qg1+ 35. Kd2 Qg5+ 36.
Kd1 Qh6 37. R3d7 Bf3+ 38. Ke1 Bxh5 39. Bd3 Qe3+ 40. Kf1 Qf4+ 41. Kg1 Qg5+ 42. Kf1 Qh6 43. Be2 Bxe2+ 44. Kxe2 g5 45. Rxa7 g4 46. Raa8 g3 47. Kf3 Qh5+ 48. Kxg3 Qg5+ 49. Kf2 Qf4+ 50. Kg1 Qg3+ 51.
Kh1 Qf3+ 52. Kg1 Qg3+ 53. Kh1 Qf3+ 54. Kg1 Qg3+ 1/2-1/2

[Event "*** Titled Tuesday Blitz"]
[Site "Chess.com"]
[Date "2020.12.01"]
[Round "1"]
[White "JuliaEfremova"]
[Black "Beltraxtor"]
[Result "0-1"]
[WhiteElo "2201"]
[BlackElo "2539"]
[TimeControl "180+1"]
[EndTime "10:08:23 PST"]
[Termination "Beltraxtor won by resignation"]

1. d4 d5 2. Bf4 Nf6 3. Nf3 e6 4. e3 c5 5. c3 Bd6 6. Bxd6 Qxd6 7. Bd3 Nc6 8. Nbd2 O-O 9. O-O e5 10. dxe5 Nxe5 11. Nxe5 Qxe5 12. Nf3 Qc7 13. h3 h6 14. Bc2 Be6 15. Qd3 Rfe8 16. b4 Rac8 17. Rac1 b6 18. a4 Ne4 19. c4 Qb7 20. cxd5 Bxd5 21. bxc5 Rxc5 22. Bb1 Rec8 23. Rxc5 Rxc5 24. Rd1 Nf6 25. Ne5 Rc8 26. Ng4 Bxg2 27. Nxf6+ gxf6 28. Qh7+ Kf8 29. Qxh6+ Ke7 30. Bf5 Rg8 31. Rd7+ Qxd7 32. Bxd7 Bxh3+ 33. Kh2 Bxd7 34. Qf4 Rg4 35. Qc7 Rxa4 36. Kg3 Ra5 37. f4 Ra4 38. Qc3 a5 39. Qc7 Rb4 40. e4 Rxe4 41. Qxb6 a4 42. Qb7 Re3+ 43. Kf2 Rb3 44.
Qe4+ Kf8 45. Qa8+ Kg7 46. Qg2+ Kf8 47. Qa8+ Ke7 48. Qe4+ Kd6 49. Qd4+ Kc7 50. Qxf6 a3 51. Qxf7 Rb2+ 52. Kg3 a2 53. Qc4+ Bc6 54. Qf7+ Kb6 55. Qf6 a1=Q 56. Qd4+ Kb7 57. Qg7+ Ka6 0-1

[Event "*** Titled Tuesday Blitz"]
[Site "Chess.com"]
[Date "2020.12.01"]
[Round "1"]
[White "Vandros57"]
[Black "Tpros"]
[Result "0-1"]
[WhiteElo "2147"]
[BlackElo "2506"]
[TimeControl "180+1"]
[EndTime "10:08:24 PST"]
[Termination "Tpros won by checkmate"]

1. d4 d6 2. e4 Nd7 3. Nc3 e6 4. Nf3 Ne7 5. h3 g6 6. Bd3 Bg7 7. O-O h6 8. Ne2 b6 9. c3 a6 10. Qc2 Bb7 11. a4 O-O 12. Be3 c5 13. Rfd1 Qc7 14. Ng3 e5 15. dxe5 Nxe5 16. Nxe5 dxe5 17.
b3 Bc6 18. Bc4 b5 19. axb5 axb5 20. Bd5 Rxa1 21. Rxa1 Nxd5 22. exd5 Bxd5 23. Ne4 Qc6 24. f3 c4 25. b4 Ra8 26. Rxa8+ Qxa8 27. Nc5 f5 28. Nd7 Qc6 29. Nc5 Kh7 30. Qd2 g5 31.
Qf2 f4 32. Bd2 e4 33. fxe4 Bxe4 34. Nxe4 Qxe4 35. Kf1 Kg6 36. Qe2 Kf5 37. Qxe4+ Kxe4 38. Ke2 Be5 39. Be1 h5 40. Bd2 Bf6 41. Be1 g4 42. hxg4 hxg4 43. Bd2 Bh4 44. Bc1 f3+ 45. gxf3+ gxf3+ 46. Kf1 Kd3 47. Bf4 Kxc3 48. Bd6 Kd3 49. Be5 c3 50.
Bg7 Bg3 51. Bh6 Kc4 52. Bf8 Kb3 53. Bh6 Kxb4 54. Be3 Kb3 55. Bh6 b4 56. Bg5 Kc2 57. Bh6 b3 58. Bg5 b2 59. Bc1 bxc1=Q# 0-1

[Event "*** Titled Tuesday Blitz"]
[Site "Chess.com"]
[Date "2020.12.01"]
[Round "1"]
[White "SantoBlue"]
[Black "PowerThinking2650"]
[Result "1-0"]
[WhiteElo "2884"]
[BlackElo "2432"]
[TimeControl "180+1"]
[EndTime "10:08:27 PST"]
[Termination "SantoBlue won on time"]

1. e4 e5 2. Nf3 Nc6 3. Bc4 Nf6 4. d4 exd4 5. e5 d5 6. Bb5 Ne4 7. Nxd4 Bc5 8. Be3 Bd7 9. Bxc6 bxc6 10. O-O Qe7 11.
Nd2 Nxd2 12. Qxd2 Bb6 13. b4 a5 14. a3 O-O 15. f4 f6 16. exf6 Qxf6 17. c3 axb4 18.
axb4 Rxa1 19. Rxa1 c5 20. bxc5 Bxc5 21. h3 Re8 22.
Kh1 Bd6 23. Re1 Re4 24. Nf3 c6 25. Ng5 Rxf4 26. Bxf4 Bxf4 27. Qa2 Bxg5 28. Qa7 Qd6 29. Rb1 h6 30. Rb7 Qf4 31. Rxd7 Qf1+ 32. Qg1 Qf4 33. Qe1 Bf6 34. Rb7 Kh7 35. Qb1+ Kg8 36. Rb8+ Kf7 37.
Rb7+ Kg8 38. Qe1 Be5 39. Kg1 Qh2+ 40. Kf1 Qf4+ 41. Kg1 Qh2+ 42. Kf1 Qf4+ 43. Ke2 Qe4+ 44.
Kd1 Qd3+ 45. Qd2 Qf1+ 46. Kc2 Qf5+ 47. Kb2 Kh7 48. Qc2 Kg6 49. Rb6 Qxc2+ 50. Kxc2 Kf5 51. Rxc6 g5 52. Rxh6 Ke4 53. Rg6 Bf4 54. g4 Kf3 55. Rh6 Kg3 56. Rh5 Kf3 57. Kd3 Be3 58. c4 Bf4 59.
cxd5 Kg3 60. Ke4 1-0

[Event "*** Titled Tuesday Blitz"]
[Site "Chess.com"]
[Date "2020.12.01"]
[Round "1"]
[White "wonderfultime"]
[Black "Sergey85Rodchenkov"]
[Result "1-0"]
[WhiteElo "2947"]
[BlackElo "2444"]
[TimeControl "180+1"]
[EndTime "10:08:28 PST"]
[Termination "wonderfultime won on time"]

1. d4 Nf6 2. Nf3 b6 3. c3 Bb7 4. Bf4 g6 5. Nbd2 Bg7 6. h3 O-O 7. e3 d6 8. Be2 c5 9. O-O Nbd7 10. a4 a6 11. Re1 Rc8 12. Bd3 Rc7 13. Qe2 Qa8 14.
e4 cxd4 15. cxd4 Re8 16. e5 dxe5 17. dxe5 Nd5 18. Bg3 e6 19. Ne4 Nb4 20. Nd6 Nxd3 21. Qxd3 Rb8 22. b4 a5 23. Nb5 Rbc8 24. Nxc7 Rxc7 25.
Rac1 Qc8 26. Rxc7 Qxc7 27. bxa5 bxa5 28. Rd1 Bc6 29. Rc1 Qb7 30. Qc3 Bxa4 31. Qxa5 Bc6 32. Qd8+ Bf8 33. Ne1 h6 34. Qh4 Kg7 35. Qc4 Bd5 36.
Qd4 Qb5 37. Qd3 Qb6 38. Rd1 Bc5 39. Qc3 Qc7 40. Rxd5 Bxf2+ 41. Bxf2 Qxc3 42. Rxd7 g5 43. Rd3 Qc1 44. Re3 Kg6 45. Rf3 Qd1 46. Rf6+ Kg7 47.
Kh2 Qd2 48. Bg3 Qe2 49. Nf3 Qe4 50. h4 g4 51. Rf4 Qg6 52. Nd2 h5 53. Ne4 Kh7 54.
Rxf7+ Kg8 55. Rf4 Qg7 56. Rf6 Qd7 57. Ng5 Qd2 58. Rxe6 Kg7 59. Rf6 1-0

[Event "*** Titled Tuesday Blitz"]
[Site "Chess.com"]
[Date "2020.12.01"]
[Round "1"]
[White "Mr_Heisenberg13"]
[Black "ajkom197"]
[Result "0-1"]
[WhiteElo "2623"]
[BlackElo "2330"]
[TimeControl "180+1"]
[EndTime "10:08:28 PST"]
[Termination "ajkom197 won on time"]

1. e4 c6 2. c4 d5 3. cxd5 cxd5 4. exd5 Nf6 5. Nc3 Nxd5 6. Nf3 Nc6 7. d4 Bg4 8. Be2 e6 9. O-O Be7 10. h3 Bh5 11.
Qb3 O-O 12. Rd1 Na5 13. Qa4 a6 14. Bd2 b5 15. Qc2 Bg6 16. Qc1 Rc8 17. Bg5 h6 18.
Bxe7 Qxe7 19. Nxd5 exd5 20. Qd2 Nc4 21. Bxc4 dxc4 22.
Re1 Qd6 23. Ne5 Rfd8 24. Rad1 b4 25. Qf4 c3 26. bxc3 bxc3 27. Nxg6 Qxg6 28. Rc1 c2 29.
Re2 Qd3 30. Rd2 Qc4 31. Qe4 Qxa2 32. Rdxc2 Rxc2 33. Rxc2 Qd5 34. Qxd5 Rxd5 35. Rc4 a5 36. Kf1 Kf8 37. Ke2 Ke7 38. Kd3 Rb5 39. Rc7+ Ke6 40. Ke4 Rb2 41. Ke3 Rb3+ 42. Kf4 Rb4 43. Ke3 Rb3+ 44.
Ke4 Rb2 45. Rc6+ Ke7 46. Ke3 Rb3+ 47. Kf4 Rb2 48. Kf3 Rb3+ 49. Ke2 Rb2+ 50. Ke3 Rb3+ 51.
Kd2 a4 52. Ra6 a3 53. Ke2 Rb2+ 54. Ke3 Rb3+ 55. Ke4 Rb2 56. Rxa3 Rxf2 57. g4 g6 58. Ke5 f6+ 59. Kd5 f5 60. Ra7+ Kf6 61. Ra6+ Kg5 62. gxf5 Rxf5+ 63. Ke4 Rf4+ 64. Ke3 Rh4 65. d5 Rxh3+ 66.
Ke4 Rh1 67. d6 Rd1 68. Ke5 h5 69. Ra4 h4 70. Ke6 h3 0-1

[Event "*** Titled Tuesday Blitz"]
[Site "Chess.com"]
[Date "2020.12.01"]
[Round "1"]
[White "IMJonathanCarlstedt"]
[Black "natelleka"]
[Result "0-1"]
[WhiteElo "2490"]
[BlackElo "2178"]
[TimeControl "180+1"]
[EndTime "10:08:28 PST"]
[Termination "natelleka won by resignation"]

1. d4 d5 2. Bf4 Nc6 3. e3 Bf5 4. c4 e6 5. Nc3 Nf6 6. Nf3 Be7 7.
Bd3 O-O 8. O-O Ne4 9. Qb1 Nxc3 10. bxc3 Bg4 11. Bxh7+ Kh8 12. Bd3 Bxf3 13. gxf3 Bd6 14. Bxd6 Qxd6 15. f4 f6 16. Qd1 f5 17. Kh1 Rf6 18. Rg1 Rh6 19. Rg2 Rg8 20. Qf3 g5 21. c5 Qe7 22. fxg5 Rxg5 23. Rag1 Rhg6 24. Qh3+ Kg7 25. Bb5 Nd8 26. Rxg5 Rxg5 27. Rxg5+ Qxg5 28. Bd7 Kf6 29. Bc8 Ke7 30. Qg3 Qxg3 31. fxg3 b6 32.
cxb6 cxb6 33. h4 Nf7 34. h5 Nd6 35. Ba6 Kf6 36. Be2 Ne4 37. Kg2 Nxc3 38. Bb5 Nxa2 39. Be8 Nc3 40. Kf3 a5 41. h6 a4 42. Kf4 a3 43. h7 Kg7 44. Bd7 a2 45. Bxe6 a1=Q 46.
Bxf5 Qf1+ 47. Kg4 Qe2+ 48. Kg5 Qxe3+ 49. Kh5 Qxg3 50. Bg4 Qh2+ 51. Kg5 Qxh7 52. Bf5 Qh6+ 53. Kg4 Ne2 54. Kf3 Nxd4+ 55. Kg4 Nxf5 56. Kxf5 Qf6+ 57. Kg4 Kg6 58. Kh3 Kg5 59. Kg3 Qf4+ 60. Kh3 0-1

[Event "*** Titled Tuesday Blitz"]
[Site "Chess.com"]
[Date "2020.12.01"]
[Round "1"]
[White "Buffy7"]
[Black "Omk124"]
[Result "1-0"]
[WhiteElo "2675"]
[BlackElo "2338"]
[TimeControl "180+1"]
[EndTime "10:08:30 PST"]
[Termination "Buffy7 won by checkmate"]

1. c4 Nf6 2. Nc3 g6 3. g3 Bg7 4. Bg2 O-O 5. e3 d6 6. Nge2 e5 7. d3 c6 8. O-O Be6 9. b4 Qc8 10. Re1 Nbd7 11. Bb2 Nh5 12. Ne4 Qc7 13. Ng5 Rae8 14.
Nxe6 Rxe6 15. b5 f5 16. bxc6 bxc6 17. Qa4 Rc8 18. d4 e4 19. Rab1 Nhf6 20. Ba3 Nb6 21. Qc2 d5 22. Nf4 Ree8 23. c5 Nc4 24. Bb4 Rb8 25.
Rb3 a5 26. Bc3 g5 27. Ne2 Qa7 28. Reb1 Nd7 29. Bh3 g4 30. Bf1 a4 31. Rxb8 Rxb8 32. Rxb8+ Nxb8 33. Nf4 Qa6 34. Qb1 Nd7 35. h3 Bh6 36. Ng2 Bg5 37. hxg4 fxg4 38. Ne1 Bf6 39. Nc2 Nxc5 40. Qb8+ Kg7 41. Qf4 Qc8 42. Bxc4 dxc4 43. Bb4 Nd3 44. Qxe4 Nxb4 45. Nxb4 c5 46. Nd5 cxd4 47.
exd4 c3 48. Ne3 h5 49. Nf5+ Kg8 50. Nd6 c2 51. Qg6+ Bg7 52. Qf7+ Kh7 53. Qxh5+ Bh6 54. Qf7+ Bg7 55. Qh5+ Bh6 56. Qf7+ Kh8 57. Nxc8 Bc1 58.
Kh2 Bh6 59. Qh5 c1=Q 60. Qxg4 Qd2 61. Qf5 Qxa2 62. Ne7 Qe2 63. Ng6+ Kg7 64. Ne5 Kg8 65. Qf7+ Kh8 66. Ng6# 1-0

[Event "*** Titled Tuesday Blitz"]
[Site "Chess.com"]
[Date "2020.12.01"]
[Round "1"]
[White "Swarnapuri"]
[Black "BJthechessgod"]
[Result "0-1"]
[WhiteElo "2560"]
[BlackElo "2285"]
[TimeControl "180+1"]
[EndTime "10:08:31 PST"]
[Termination "BJthechessgod won by resignation"]

1. d4 Nf6 2. Bf4 e6 3. e3 b6 4. Nf3 Bb7 5. Bd3 Be7 6. h3 O-O 7. O-O c5 8. c3 d5 9. Nbd2 Nbd7 10. Qe2 cxd4 11. exd4 Re8 12. Rae1 Nf8 13. Ne5 Bd6 14. Bh2 Bxe5 15. Bxe5 N6d7 16. Bg3 a5 17. f4 Qc8 18. f5 exf5 19. Qxe8 Qxe8 20. Rxe8 Rxe8 21. Bxf5 Ba6 22. Rf2 g6 23. Bc2 f5 24. Nf3 Kf7 25. Ba4 b5 26. Bb3 Nb6 27. Bc7 Nc4 28. Bxc4 bxc4 29.
Ne5+ Kg7 30. Bxa5 Bb5 31. Bb4 Nd7 32. Nf3 Kf6 33. Bd6 Ba4 34. Be5+ Kf7 35. g4 fxg4 36. hxg4 Bd1 37. Ng5+ Kg8 38. Nf7 Nxe5 39. Nxe5 Ra8 40. a3 Re8 41. Kg2 Kg7 42. Kg3 Kh6 43. Kh4 Kg7 44. Rf7+ Kg8 45. Rd7 Rf8 46. Kg5 Rf2 47.
Rd8+ Kg7 48. Rd7+ Kg8 49. Rxd5 Rxb2 50. Rd8+ Kg7 51. Rd7+ Kg8 52. Nxc4 Rb3 53. Ne3 Bf3 54. Kf4 Be2 55. Nd5 Rxa3 56. Nf6+ Kf8 57. Nxh7+ Ke8 58.
Nf6+ Kf8 59. Kg5 Rxc3 60. Kxg6 Bd3+ 61. Kg5 Rc4 62. Kh5 Be2 63. Kh6 Rc3 64. g5 Rh3+ 65.
Nh5 Bxh5 66. g6 Bg4+ 67. Kg5 Bxd7 0-1

[Event "*** Titled Tuesday Blitz"]
[Site "Chess.com"]
[Date "2020.12.01"]
[Round "1"]
[White "Nils_03"]
[Black "kikydu96"]
[Result "0-1"]
[WhiteElo "2260"]
[BlackElo "2569"]
[TimeControl "180+1"]
[EndTime "10:08:33 PST"]
[Termination "kikydu96 won by checkmate"]

1. d4 d5 2. c4 c6 3. Nf3 Nf6 4.
Qc2 dxc4 5. Qxc4 Bg4 6. Ne5 Be6 7. Qc2 Nbd7 8. Nf3 Bg4 9. Nc3 e6 10. Bf4 Be7 11. e3 O-O 12. Be2 Rc8 13. O-O c5 14.
Rfd1 Qa5 15. Ne5 Bxe2 16. Qxe2 cxd4 17. exd4 Nb6 18. Qf3 Nbd5 19. Bd2 Qb6 20. Nxd5 exd5 21. Bg5 Rc2 22. b3 Rfc8 23. Bxf6 Qxf6 24. Qxf6 Bxf6 25. Nd7 Be7 26. Ne5 Ba3 27. Nd3 Kf8 28. Nf4 Rd8 29. h4 h6 30. h5 Ke7 31. Kf1 Kf6 32. Re1 Rd2 33. Rad1 Rxa2 34. Re5 g6 35. Nxd5+ Kg7 36. hxg6 fxg6 37. Nc3 Rc2 38. Nb5 Bb4 39. Re2 Rxe2 40. Kxe2 a6 41. Rc1 axb5 42. Rc7+ Kf6 43. Rxb7 Rxd4 44. Rxb5 Bd6 45. Rb6 Ke5 46. Kf3 Rb4 47. Rc6 Rxb3+ 48. Ke2 Rb4 49. Rc8 Kf6 50. Re8 Be5 51.
g3 h5 52. f4 Bd6 53. Kf3 Rb3+ 54. Kg2 Kf5 55. Rg8 Bc5 56. Rg7 Rc3 57. Rg8 Rd3 58. Rg7 Bb4 59. Rg8 Be1 60. Kf1 Bxg3 61. Ke2 Ra3 62. Rf8+ Kg4 63. Kf1 Bxf4 64. Kg2 Ra2+ 65.
Kf1 g5 66. Re8 Kf3 67. Ke1 Ra1# 0-1

[Event "*** Titled Tuesday Blitz"]
[Site "Chess.com"]
[Date "2020.12.01"]
[Round "1"]
[White "KonstantinB_1983"]
[Black "TrenerChos"]
[Result "1-0"]
[WhiteElo "2519"]
[BlackElo "2165"]
[TimeControl "180+1"]
[EndTime "10:08:33 PST"]
[Termination "KonstantinB_1983 won on time"]

1. d4 Nf6 2. c4 g6 3. Nc3 Bg7 4. e4 d6 5. Nge2 O-O 6. Ng3 Nfd7 7. Be2 Nc6 8. d5 Nd4 9. Be3 Nxe2 10. Qxe2 b6 11. O-O Ba6 12. Rac1 Rc8 13. f4 c6 14. b3 cxd5 15. Nxd5 Nf6 16. Nc3 Qd7 17. h3 e6 18.
Rfd1 Rfd8 19. e5 Ne8 20. Qf2 Qb7 21. exd6 Nxd6 22. Bd4 f6 23. Re1 Re8 24. h4 e5 25.
fxe5 fxe5 26. Be3 Rf8 27. Qd2 Rcd8 28. Nd5 b5 29. Bg5 Rde8 30. c5 Nf5 31. Nxf5 Rxf5 32.
c6 Qf7 33. c7 Bb7 34. Ne7+ Rxe7 35. Bxe7 Qxe7 36. Qd8+ Qf8 37. c8=Q Bxc8 38. Rxc8 Qxd8 39. Rxd8+ Kf7 40. Rd7+ Kf6 41. Rxa7 Rf4 42. Rf1 Bh6 43. g3 Rxf1+ 44. Kxf1 e4 45. Rxh7 Bc1 46. Ke2 Ba3 47.
Rb7 Bd6 48. g4 Bg3 49. h5 gxh5 50. gxh5 Kg5 51. Rxb5+ Kh6 52. a4 Bf4 53. a5 Bb8 54. a6 Ba7 55. Rb7 Bc5 56. b4 Bxb4 57. Rxb4 1-0

[Event "*** Titled Tuesday Blitz"]
[Site "Chess.com"]
[Date "2020.12.01"]
[Round "1"]
[White "GMaka"]
[Black "FlamingPhoenix2910"]
[Result "1/2-1/2"]
[WhiteElo "2443"]
[BlackElo "2890"]
[TimeControl "180+1"]
[EndTime "10:08:37 PST"]
[Termination "Game drawn - insufficient material"]

1. d4 Nf6 2. Bg5 e6 3. e4 d6 4. Nc3 Be7 5. e5 Nfd7 6. Bxe7 Qxe7 7. f4 O-O 8. Nf3 a6 9. Bd3 h6 10. Qe2 d5 11. f5 c5 12. fxe6 fxe6 13. dxc5 Nxc5 14.
Bg6 Nc6 15. O-O Bd7 16. Rad1 b5 17. Nd4 Rxf1+ 18. Kxf1 Qg5 19. Nxc6 Bxc6 20. Qh5 Rf8+ 21. Kg1 Qe3+ 22. Kh1 d4 23. Ne2 Bxg2+ 24. Kxg2 Rf2+ 25. Kh1 Qxe2 26. Qxe2 Rxe2 27. Rxd4 Kf8 28. b4 Na4 29.
Rd6 Rxe5 30. Rxa6 Ke7 31. Bd3 Nc3 32. Ra5 Kf6 33. Kg2 Nd5 34. a3 Nc3 35. Kf3 h5 36. h4 g5 37. hxg5+ Kxg5 38. a4 Nxa4 39. Bxb5 Nb6 40. Bd3 Nd5 41. c4 Re3+ 42. Kf2 Rxd3 43. cxd5 exd5 44. Ke2 Rd4 45. b5 h4 46. b6 Rb4 47.
Rxd5+ Kg4 48. Rd6 Rb2+ 49. Kf1 Kg3 50. Rg6+ Kh2 51. Rf6 Rb1+ 52. Kf2 h3 53. Rg6 Kh1 54. Ke3 h2 55. Kd4 Rg1 56. Rh6 Rb1 57. Kc5 Kg2 58. Rg6+ Kf3 59. Rh6 h1=Q 60. Rxh1 Rxh1 61. b7 Rb1 62. Kc6 Ke4 63. Kc7 Rc1+ 64. Kd7 Rd1+ 65.
Kc7 Rb1 66. b8=Q Rxb8 67. Kxb8 1/2-1/2

[Event "*** Titled Tuesday Blitz"]
[Site "Chess.com"]
[Date "2020.12.01"]
[Round "1"]
[White "Nikolaj_6"]
[Black "garicradomir"]
[Result "1-0"]
[WhiteElo "2624"]
[BlackElo "2301"]
[TimeControl "180+1"]
[EndTime "10:08:42 PST"]
[Termination "Nikolaj_6 won by resignation"]

1. e4 Nc6 2. Nf3 d6 3. d4 Nf6 4. d5 Nb8 5. Bd3 g6 6. c4 Bg7 7. h3 O-O 8. O-O c5 9. Nc3 e5 10. dxe6 Bxe6 11. Bg5 Nc6 12. Qd2 Qa5 13. Rac1 Rfe8 14.
Qf4 Nh5 15. Qxd6 Rad8 16. Bxd8 Rxd8 17. Qh2 Rxd3 18. Nd5 Rxf3 19. gxf3 Bxd5 20. exd5 Nd4 21. Qb8+ Bf8 22. Kg2 Ne2 23. Rce1 Nef4+ 24. Kh2 Kg7 25. Re8 Qa6 26. Qe5+ Qf6 27. Qxf6+ Nxf6 28. Rb8 Bd6 29. Rxb7 N4xd5+ 30. Kg1 Nf4 31. Rd1 Be5 32. b3 Bd4 33.
Kf1 Nxh3 34. Rxa7 Nf4 35. b4 h5 36. b5 h4 37. b6 h3 38. Kg1 Ne2+ 39. Kh1 Bxf2 40. b7 Bg3 41. Ra8 Nh5 42. b8=Q Bxb8 43. Rxb8 Nhg3+ 44. Kh2 Nf5 45. Kxh3 Nf4+ 46. Kg4 Ne6 47.
Rdd8 Nfd4 48. Rg8+ Kf6 49. a4 Ke7 50. a5 f5+ 51. Kh3 g5 52. a6 Nc6 53. a7 g4+ 54.
fxg4 fxg4+ 55. Kxg4 Ne5+ 56. Kf5 Nxc4 57. Rb7+ Kd6 58. a8=Q Nd4+ 59. Kg4 Ne5+ 60. Kg3 Nec6 61. Rg6+ Ke5 62. Rb6 Nb4 63. Qe8+ Kd5 64. Qf7+ Ke4 65. Rge6+ Kd3 66. Rxb4 cxb4 67. Rd6 Kc3 68. Rxd4 Kxd4 69.
Qb3 1-0

[Event "*** Titled Tuesday Blitz"]
[Site "Chess.com"]
[Date "2020.12.01"]
[Round "1"]
[White "frederiksvane"]
[Black "KetiGrant"]
[Result "1-0"]
[WhiteElo "2720"]
[BlackElo "2368"]
[TimeControl "180+1"]
[EndTime "10:08:43 PST"]
[Termination "frederiksvane won on time"]

1. e4 c5 2. Nf3 Nc6 3. Bb5 g6 4. O-O Bg7 5. Bxc6 dxc6 6. d3 Nf6 7. a4 a5 8. Na3 O-O 9. Nc4 Nd7 10. Bf4 Re8 11. Qd2 e5 12. Bh6 Qc7 13. Bxg7 Kxg7 14. b3 Nf8 15. h3 f6 16. Nh2 Be6 17. f4 exf4 18. Rxf4 Bxc4 19. bxc4 Ne6 20. Rf2 h5 21. Raf1 Rf8 22. Nf3 Rad8 23. Qc3 Nd4 24. Nxd4 cxd4 25.
Qb2 c5 26. Rb1 Rf7 27. Qa3 Rd6 28. Rb5 b6 29. Rb1 Re6 30. Rbf1 Qe5 31. Qb2 Qg5 32. Qc1 Qxc1 33. Rxc1 f5 34. Rcf1 Rff6 35. exf5 gxf5 36. Rxf5 Rxf5 37. Rxf5 Kg6 38. Rf8 Re2 39. Rb8 Re6 40. Kf2 Kg5 41. Kf3 Re3+ 42. Kf2 Re6 43. Rb7 Kg6 44.
Kf3 Kg5 45. Rg7+ Kf6 46. Rg8 Kf7 47. Rb8 Kg6 48. g4 hxg4+ 49. hxg4 Kg5 50. Rg8+ Kf6 51. Kf4 Kf7 52. Rb8 Rf6+ 53. Kg5 Rg6+ 54. Kf5 Rf6+ 55. Ke5 Re6+ 56. Kd5 Rg6 57. Rb7+ Ke8 58. Ke5 Kd8 59. Kf5 Rd6 60. g5 Kc8 61. Rf7 Kd8 62. g6 Ke8 63. Rf6 Rd7 64. Rxb6 1-0

[Event "*** Titled Tuesday Blitz"]
[Site "Chess.com"]
[Date "2020.12.01"]
[Round "1"]
[White "Stormeman100100"]
[Black "bylavochka"]
[Result "1/2-1/2"]
[WhiteElo "2514"]
[BlackElo "2189"]
[TimeControl "180+1"]
[EndTime "10:08:43 PST"]
[Termination "Game drawn by repetition"]

1. e4 c5 2. Nf3 d6 3. d4 cxd4 4.
Nxd4 Nf6 5. Nc3 g6 6. f3 Bg7 7. Be3 O-O 8. Qd2 Nc6 9. O-O-O Nxd4 10. Bxd4 Be6 11. h4 Qa5 12. h5 Bxa2 13. g4 Be6 14. Kb1 Rfc8 15. h6 Bf8 16. Nd5 Qxd2 17. Nxf6+ exf6 18. Rxd2 Be7 19. Bd3 a6 20. Rg1 b5 21. f4 Bc4 22. b3 Bxd3 23. Rxd3 a5 24. Rgd1 a4 25. Kb2 a3+ 26. Kb1 a2+ 27. Kb2 a1=Q+ 28. Rxa1 Rxa1 29. Kxa1 Rxc2 30. Rc3 Rxc3 31. Bxc3 Kf8 32. Kb2 Ke8 33. Bd4 Kd7 34. Kc3 Kc6 35. f5 gxf5 36. exf5 d5 37. Be3 Bd6 38. Bd4 Be7 39. Kd3 Kd6 40. Bc3 Kc5 41.
Bd2 d4 42. Be1 Kd5 43. Bd2 Bc5 44. Be1 Be7 45. Bd2 Bd6 46. Be1 Be5 47. Bf2 Bd6 48.
Bxd4 Be5 49. Be3 Bd6 50. Bd2 Be7 51. Bc3 Bd8 52. Bd4 Be7 53. Bb2 Bd8 54. Bc1 Be7 55.
Bf4 Bd8 56. Kc3 Be7 57. Bd2 Ke5 58. Kd3 Kd5 59. Bc3 Bd8 60. Bb4 Ke5 61. Ke3 Kd5 62. Bf8 Ke5 63. Ba3 Kd5 64. Bb2 Be7 65. Kf4 Bd6+ 66.
Kf3 Be7 67. Bc3 Bd8 68. Ke3 Be7 69. Kd3 1/2-1/2

[Event "*** Titled Tuesday Blitz"]
[Site "Chess.com"]
[Date "2020.12.01"]
[Round "1"]
[White "SlovenskiZmaj"]
[Black "chesstatour"]
[Result "1/2-1/2"]
[WhiteElo "2457"]
[BlackElo "1957"]
[TimeControl "180+1"]
[EndTime "10:08:43 PST"]
[Termination "Game drawn by repetition"]

1. d4 c6 2. c4 d5 3. Nc3 Nf6 4. e3 e6 5. Nf3 Bb4 6. Bd2 O-O 7. Qc2 Nbd7 8. Bd3 b6 9. b3 Bb7 10. O-O Rc8 11. a3 Be7 12. Rfe1 c5 13. cxd5 cxd4 14. Nxd4 Bxd5 15. Qb1 Bb7 16. Bf1 Nc5 17. b4 Nce4 18.
Nxe4 Bxe4 19. Qb2 e5 20. Nb3 Rc2 21. Qxe5 Bd6 22. Qd4 Bb8 23. Bc3 Qc7 24. g3 Qxc3 25. Qxc3 Rxc3 26. Nd2 Bb7 27. a4 Rd8 28. Nc4 Bd5 29. Na3 Bb7 30. Nb5 a6 31. a5 axb5 32. axb6 Bd6 33. Bxb5 Bxb4 34. Rab1 Bc5 35. Bf1 Rb8 36.
Red1 Bf8 37. Bg2 Bxg2 38. Kxg2 Rc6 39. b7 Rc7 40. Rd4 Rcxb7 41. Rbd1 Re7 42. h3 Rbe8 43. g4 h6 44. R1d3 g6 45. Rb3 Kg7 46. Rb6 Rd7 47.
Ra4 Ne4 48. Kf3 Nf6 49. Kg2 Ne4 50. Kf3 Rde7 51. Raa6 Nd2+ 52. Ke2 Nc4 53. Rc6 Ne5 54. Rc5 g5 55. Raa5 Ng6 56. Rf5 Re6 57. Kf3 Re5 58.
Kg3 Rxf5 59. Rxf5 Ne5 60. f4 Ng6 61. Kf3 gxf4 62. exf4 f6 63. Ra5 Rd8 64. f5 Kg8 65. fxg6 Kg7 66. h4 Kxg6 67. h5+ Kg7 68. Ra7+ Kg8 69. Ke4 Bg7 70. Kf5 Kh7 71. Rf7 Rd5+ 72. Kf4 Rg5 73. Rd7 Kg8 74. Rb7 Kh7 75. Rd7 Re5 76. Rb7 Rg5 77. Rd7 1/2-1/2